Map: Odyssey LE

Players

Winthrowe

  • Race: Zerg Zerg
  • League: Silver
  • Spawn Location: 5:00

BIGPRIAPISM - Winner!

  • Race: Terran Terran
  • Spawn Location: 11:00

VOD

Have the link to the VOD?

Description

Time

  • Played on: Aug. 18, 2017, 6:37 p.m.
  • Length: 12:00
Show
View Real Time Build Order
Export as new Build Order

Winthrowe Zerg 

Build Orders: Pool First 

Get SALT Encoding   

  12  0:04  Drone  
  13  0:16  Overlord  
  13  0:17  Drone  
  14  0:34  Drone  
  15  0:37  Drone  
  16  0:53  Drone  
  16  0:54  Spawning Pool  
  16  0:55  Drone  
  17  1:05  Drone  
  18  1:19  Evolution Chamber  
  18  1:24  Extractor  
  16  1:26  Extractor  
  16  1:27  Drone x2  
  17  1:52  Hatchery, Drone x2  
  18  1:59  Queen  
  20  2:23  Drone  
  20  2:24  Drone  
  20  2:26  Overlord  
  22  2:43  Queen  
  24  2:50  Drone x2  
  26  2:55  Extractor  
  26  2:57  Extractor  
  24  3:18  Drone x5  
  24  3:19  Queen  
  31  3:39  Drone  
  31  3:40  Drone x2  
  34  3:42  Drone  
  35  3:57  Drone  
  35  3:58  Overlord  
  36  4:04  Lair  
  36  4:12  Zerg Melee Weapons Level 1  
  36  4:17  Metabolic Boost  
  36  4:28  Drone x3  
  36  4:29  Drone x2  
  41  4:35  Overlord  
  41  4:46  Drone x3  
  41  4:48  Overlord  
  41  4:52  Overlord  
  44  5:07  Spire  
  44  5:12  Infestation Pit  
  42  5:14  Drone  
  42  5:15  Drone x3  
  42  5:18  Overlord  
  46  5:23  Overlord  
  46  6:05  Hive  
  46  6:07  Zerg Missile Weapons Level 1  
  43  6:19  Hydralisk Den  
  43  6:22  Mutalisk x6  
  52  6:34  Queen  
  52  6:37  Mutalisk x2  
  58  7:02  Roach Warren  
  58  7:05  Drone x2  
  58  7:06  Baneling Nest, Drone x3  
  61  7:12  Hydralisk  
  61  7:13  Hydralisk x4  
  66  7:51  Mutalisk x4  
  66  7:52  Mutalisk x2  
  66  7:53  Mutalisk  
  66  7:57  Mutalisk x2  
  84  7:59  Overlord  
  84  8:00  Overlord  
  84  8:01  Zerg Ground Armor Level 1  
  84  8:21  Roach x3  
  84  8:23  Roach  
  84  8:24  Roach x2  
  92  8:46  Roach x4  
  82  9:02  Roach  
  72  9:03  Roach x3  
  70  9:13  Zergling x2  
  70  9:14  Zergling x2  
  58  9:49  Ultralisk Cavern  
  49  10:08  Overlord x2  
  49  10:09  Overlord x4  
  49  10:41  Ultralisk x2  
  61  10:45  Roach x3  
  61  10:46  Roach  
  61  10:49  Corruptor x3  
  75  11:01  Corruptor  
  75  11:04  Corruptor  
  79  11:34  Hatchery  
Show
View Real Time Build Order
Export as new Build Order

BIGPRIAPISM Terran - Winner!

Build Orders: Mech 

Get SALT Encoding   

  12  0:01  SCV  
  13  0:13  SCV  
  14  0:17  Supply Depot  
  14  0:25  SCV  
  15  0:39  SCV  
  15  0:41  Barracks  
  16  0:51  SCV  
  17  1:03  SCV  
  18  1:15  SCV  
  19  1:23  Command Center  
  19  1:27  SCV  
  19  1:28  Marine  
  21  1:33  Supply Depot  
  21  1:42  SCV  
  22  1:47  Marine  
  23  1:54  Refinery  
  23  1:56  SCV, Refinery  
  23  2:00  Bunker  
  24  2:08  Marine  
  24  2:09  SCV  
  26  2:22  Orbital Command  
  26  2:26  Marine  
  27  2:36  Bunker  
  27  2:37  Orbital Command  
  27  2:51  SCV, Factory  
  27  2:54  Marine  
  29  3:03  SCV  
  29  3:05  SCV  
  31  3:10  Supply Depot  
  31  3:12  Marine  
  32  3:17  SCV  
  32  3:18  SCV  
  34  3:31  SCV  
  34  3:32  SCV  
  36  3:34  Marine  
  36  3:35  Supply Depot  
  36  3:36  Factory Tech Lab  
  37  3:42  Starport  
  37  3:47  SCV x2  
  39  3:55  Command Center  
  39  3:56  Siege Tank  
  39  3:58  Marine  
  39  4:02  Supply Depot  
  43  4:07  SCV x2  
  45  4:13  Engineering Bay  
  45  4:19  Marine  
  45  4:22  Starport Tech Lab  
  46  4:25  SCV  
  46  4:27  Factory  
  46  4:28  Supply Depot  
  46  4:30  SCV  
  48  4:35  Refinery  
  48  4:40  Raven  
  48  4:45  SCV x2  
  52  4:52  Refinery  
  52  4:57  Supply Depot  
  52  5:00  Siege Tank  
  52  5:04  SCV x2  
  57  5:08  Missile Turret  
  57  5:12  Missile Turret, Factory Reactor  
  57  5:25  Banshee  
  57  5:27  SCV x2  
  63  5:28  Missile Turret  
  63  5:38  Bunker  
  62  5:46  Siege Tank  
  65  5:50  Missile Turret  
  65  5:53  Planetary Fortress  
  65  5:54  SCV x2  
  67  6:00  Widow Mine x2  
  71  6:06  SCV  
  72  6:14  Marine  
  73  6:23  SCV  
  74  6:25  Missile Turret  
  74  6:32  Marine  
  75  6:45  Armory  
  75  6:46  Siege Tank  
  80  6:47  Missile Turret, Hellion x2  
  80  6:50  Marine  
  83  6:54  Factory  
  83  6:55  SCV  
  83  6:56  SCV  
  83  6:57  Factory, SCV  
  86  7:07  SCV  
  87  7:10  Refinery  
  87  7:21  SCV  
  88  7:25  SCV  
  88  7:26  SCV, Command Center  
  90  7:30  Refinery  
  90  7:33  Thor, Hellion x2  
  90  7:34  Infernal Pre-Igniter  
  90  7:36  SCV  
  101  7:48  Factory Tech Lab x2  
  101  8:04  Missile Turret  
  101  8:06  Missile Turret  
  101  8:08  Missile Turret  
  101  8:09  Missile Turret  
  101  8:12  Missile Turret  
  101  8:19  Thor  
  107  8:20  Missile Turret  
  107  8:21  Supply Depot  
  107  8:26  Missile Turret, Supply Depot x2  
  107  8:28  Hi-Sec Auto Tracking  
  107  8:37  Hellion  
  107  8:38  Thor x2  
  121  8:41  SCV x2  
  127  9:03  Hellion x2  
  127  9:09  Missile Turret  
  127  9:21  Terran Vehicle Weapons Level 1  
  127  9:25  Supply Depot  
  127  9:28  Supply Depot  
  127  9:29  Missile Turret  
  127  9:31  Armory x2  
  127  9:32  Supply Depot  
  127  9:50  Thor x2  
  127  9:51  Thor  
  127  9:52  Hellion x2  
  149  10:07  Planetary Fortress  
  149  10:11  Missile Turret  
  149  10:14  SCV x3  
  149  10:16  Missile Turret  
  152  10:26  SCV  
  152  10:27  Hellion  
  152  10:28  Hellion  
  157  10:32  SCV x2  
  159  10:36  Missile Turret  
  159  10:38  SCV  
  160  10:47  SCV x2  
  160  10:48  Refinery  
  162  10:53  SCV x2  
  162  10:54  Thor  
  170  11:09  SCV x2  
  172  11:18  Supply Depot, Command Center  
  172  11:19  Supply Depot  
  172  11:22  Supply Depot  
  172  11:37  SCV  
  172  11:38  Hellion  
  179  11:41  Supply Depot  
Tags
 
Composition
Mech
League
Silver
Matchup
TvZ
Opening
Pool First
Spawn Locations
Cross Positions
Add a new tag
Caveats
  • Supply blocks, unpowered buildings, or Contaminate may cause inaccurate times.
  • Supply counts are checked every 10 seconds.